[ AOE2 MATCH · #483889136 ]
Team RMBerbers vs Bohemians
[ REPLAY ANALYSIS · EXTRACTED FROM THE RECORDED GAME ]
Feudal
14:23
Castle
19:45
Imperial
36:24
| APM avg | 16.4 |
| APM peak | 41 |
| eAPM avg | 14.9 |
| Villagers / military | 155 / 225 |
Focus
⚔️ 39.5% · 🌾 60.5%
Militia ×173 · Scorpion ×35 · Bombard Cannon ×12 · Trade Cart ×5 · Camel Archer ×3 · Monk ×1
Feudal
14:36
Castle
21:53
Imperial
43:22
| APM avg | 17.7 |
| APM peak | 59 |
| eAPM avg | 13.0 |
| Villagers / military | 127 / 203 |
Focus
⚔️ 29.1% · 🌾 70.9%
Scout Cavalry ×93 · Cavalry Archer ×60 · Steppe Lancer ×17 · Mangudai ×13 · Petard ×10 · Trebuchet (Packed) ×10
Feudal
12:54
Castle
19:00
Imperial
32:40
| APM avg | 15.5 |
| APM peak | 39 |
| eAPM avg | 10.6 |
| Villagers / military | 103 / 283 |
Focus
⚔️ 27.2% · 🌾 72.8%
Hand Cannoneer ×130 · Camel Scout ×100 · Ghulam ×45 · Trade Cart ×17 · Trebuchet (Packed) ×7 · Monk ×1
Feudal
15:20
Castle
27:47
Imperial
44:40
| APM avg | 39.6 |
| APM peak | 97 |
| eAPM avg | 21.7 |
| Villagers / military | 115 / 127 |
Focus
⚔️ 28.4% · 🌾 71.6%
Cavalry Archer ×69 · Skirmisher ×50 · Battering Ram ×6 · Monk ×2
Feudal
—
Castle
—
Imperial
—
| APM avg | 39.6 |
| APM peak | 304 |
| eAPM avg | 38.0 |
| Villagers / military | 133 / 284 |
Focus
⚔️ 8.7% · 🌾 91.3%
Spearman ×178 · Hand Cannoneer ×70 · Trade Cart ×20 · Bombard Cannon ×18 · Scout Cavalry ×15 · Monk ×2
Feudal
13:03
Castle
16:38
Imperial
31:58
| APM avg | 23.5 |
| APM peak | 64 |
| eAPM avg | 17.2 |
| Villagers / military | 170 / 159 |
Focus
⚔️ 30.3% · 🌾 69.7%
Knight ×100 · Spearman ×38 · Trade Cart ×21 · Bombard Cannon ×20 · Monk ×1
Match map
Initial resources + every placement click. Lines = walls · curves = elevation contours. ◆ gold · ⬟ stone · ● berries · ✦ relic · ◌ wall gap
Your base· Open — opponent sealed themselves in
Zedarr's base· ✓ Closed at 21:53 · 40t walls · 1 gate(s)
old boy's base· ✓ Closed at 19:00 · 0t walls · no gate
duchiep11992's base· Open — opponent sealed themselves in
charmandy93tag's base· ✓ Closed at 14:36 · 14t walls · 2 gate(s)
种田大叔's base· Open — opponent sealed themselves in
Smoothed initial terrain · ◌ = detected wall gap · hover for details
Inputs per minute
— KingYankee1 - - Zedarr
Build order — KingYankee1
First 150 of 555 actions detected
| 0:03 | Build | House |
| 0:04 | Build | House |
| 0:09 | Create | Villager (Male) |
| 0:09 | Research | Loom |
| 0:40 | Create | Villager (Male) |
| 0:40 | Create | Villager (Male) |
| 0:40 | Create | Villager (Male) |
| 1:12 | Build | Palisade Wall |
| 1:31 | Build | Lumber Camp |
| 2:16 | Build | House |
| 2:25 | Create | Villager (Male) |
| 3:12 | Create | Villager (Male) |
| 3:35 | Create | Villager (Male) |
| 4:19 | Create | Villager (Male) |
| 4:37 | Create | Villager (Male) |
| 5:00 | Create | Villager (Male) |
| 5:13 | Create | Villager (Male) |
| 5:37 | Create | Villager (Male) |
| 5:47 | Create | Villager (Male) |
| 6:01 | Create | Villager (Male) |
| 6:30 | Create | Villager (Male) |
| 6:47 | Create | Villager (Male) |
| 7:30 | Create | Villager (Male) |
| 7:50 | Create | Villager (Male) |
| 8:16 | Build | Mill |
| 8:21 | Create | Villager (Male) |
| 8:37 | Build | House |
| 8:53 | Build | House |
| 9:15 | Create | Villager (Male) |
| 9:52 | Build | Farm |
| 10:28 | Build | Farm |
| 10:30 | Create | Villager (Male) |
| 11:00 | Create | Villager (Male) |
| 11:01 | Create | Villager (Male) |
| 11:39 | Build | Mining Camp |
| 12:13 | Research | Feudal Age |
| 12:41 | Build | Farm |
| 12:42 | Build | Farm |
| 13:09 | Build | House |
| 13:42 | Build | House |
| 14:23 | Age | Feudal Age |
| 14:25 | Research | Wheelbarrow |
| 14:30 | Research | Double-Bit Axe |
| 14:36 | Research | Horse Collar |
| 14:47 | Build | Watch Tower |
| 15:05 | Build | Stone Wall |
| 15:10 | Build | Gate |
| 15:17 | Create | Villager (Male) |
| 15:27 | Build | Market |
| 15:38 | Build | Blacksmith |
| 15:45 | Build | Farm |
| 16:11 | Build | Farm |
| 16:14 | Create | Villager (Male) |
| 16:45 | Build | Farm |
| 17:05 | Research | Castle Age |
| 17:33 | Create | Trade Cart |
| 17:53 | Research | Stone Mining |
| 17:55 | Research | Gold Mining |
| 19:45 | Age | Castle Age |
| 19:54 | Build | Siege Workshop |
| 20:00 | Research | Hand Cart |
| 20:11 | Research | Bow Saw |
| 20:24 | Build | Town Center |
| 20:43 | Create | Villager (Male) |
| 21:01 | Create | Villager (Male) |
| 21:23 | Create | Villager (Male) |
| 21:31 | Create | Villager (Male) |
| 21:32 | Create | Villager (Male) |
| 21:37 | Create | Mangonel |
| 21:46 | Create | Villager (Male) |
| 21:46 | Create | Villager (Male) |
| 22:00 | Create | Villager (Male) |
| 22:15 | Build | Monastery |
| 22:17 | Create | Villager (Male) |
| 22:17 | Create | Villager (Male) |
| 22:33 | Create | Villager (Male) |
| 22:34 | Create | Villager (Male) |
| 22:55 | Build | Town Center |
| 22:59 | Create | Villager (Male) |
| 23:00 | Create | Villager (Male) |
| 23:17 | Build | Farm |
| 23:18 | Build | Farm |
| 23:19 | Build | Farm |
| 23:25 | Build | Farm |
| 23:32 | Create | Scorpion |
| 23:39 | Create | Villager (Male) |
| 23:39 | Create | Villager (Male) |
| 23:46 | Build | House |
| 23:56 | Build | Farm |
| 23:57 | Build | Farm |
| 23:58 | Build | Farm |
| 23:59 | Build | Farm |
| 24:22 | Create | Villager (Male) |
| 24:22 | Create | Villager (Male) |
| 24:25 | Create | Villager (Male) |
| 24:40 | Build | House |
| 24:58 | Create | Villager (Male) |
| 24:58 | Create | Villager (Male) |
| 25:02 | Create | Villager (Male) |
| 25:13 | Create | Monk |
| 25:18 | Build | House |
| 25:25 | Create | Villager (Male) |
| 25:26 | Create | Villager (Male) |
| 25:26 | Create | Villager (Male) |
| 25:47 | Build | Town Center |
| 25:50 | Create | Villager (Male) |
| 25:54 | Create | Villager (Male) |
| 25:55 | Create | Villager (Male) |
| 25:57 | Create | Villager (Male) |
| 26:08 | Create | Villager (Male) |
| 26:08 | Create | Villager (Male) |
| 26:09 | Create | Villager (Male) |
| 26:17 | Build | Farm |
| 26:18 | Build | Farm |
| 26:19 | Build | Farm |
| 26:20 | Build | Farm |
| 26:24 | Build | House |
| 26:31 | Create | Scorpion |
| 26:31 | Create | Scorpion |
| 26:44 | Build | Siege Workshop |
| 26:52 | Research | Fletching |
| 26:56 | Create | Villager (Male) |
| 26:56 | Create | Villager (Male) |
| 26:57 | Create | Villager (Male) |
| 27:11 | Create | Villager (Male) |
| 27:19 | Build | Mining Camp |
| 27:23 | Create | Scorpion |
| 27:26 | Create | Villager (Male) |
| 27:27 | Create | Villager (Male) |
| 27:27 | Create | Villager (Male) |
| 27:32 | Build | Farm |
| 27:34 | Build | Farm |
| 27:40 | Build | Farm |
| 27:42 | Build | Farm |
| 27:43 | Build | Farm |
| 27:44 | Build | Farm |
| 27:51 | Build | Farm |
| 27:52 | Build | Farm |
| 27:54 | Build | Farm |
| 28:15 | Create | Villager (Male) |
| 28:15 | Create | Villager (Male) |
| 28:15 | Create | Villager (Male) |
| 28:19 | Build | Farm |
| 28:20 | Build | Farm |
| 28:21 | Build | Farm |
| 28:23 | Create | Villager (Male) |
| 28:30 | Create | Villager (Male) |
| 28:30 | Create | Villager (Male) |
| 28:30 | Create | Villager (Male) |
| 28:30 | Create | Villager (Male) |
Build order — Zedarr
First 150 of 373 actions detected
| 0:08 | Research | Loom |
| 0:09 | Create | Villager (Male) |
| 0:09 | Create | Villager (Male) |
| 0:09 | Create | Villager (Male) |
| 0:09 | Create | Villager (Male) |
| 0:10 | Create | Villager (Male) |
| 0:12 | Build | House |
| 1:16 | Build | Palisade Wall |
| 1:44 | Build | House |
| 1:58 | Build | Palisade Wall |
| 2:53 | Create | Villager (Male) |
| 2:53 | Create | Villager (Male) |
| 2:53 | Create | Villager (Male) |
| 3:34 | Create | Villager (Male) |
| 3:35 | Create | Villager (Male) |
| 4:20 | Create | Villager (Male) |
| 4:20 | Create | Villager (Male) |
| 4:21 | Create | Villager (Male) |
| 5:03 | Create | Villager (Male) |
| 5:49 | Build | House |
| 6:11 | Create | Villager (Male) |
| 6:11 | Create | Villager (Male) |
| 6:11 | Create | Villager (Male) |
| 6:12 | Create | Villager (Male) |
| 6:22 | Build | House |
| 6:55 | Build | Mill |
| 7:06 | Create | Villager (Male) |
| 7:06 | Create | Villager (Male) |
| 7:06 | Create | Villager (Male) |
| 8:21 | Create | Villager (Male) |
| 8:22 | Create | Villager (Male) |
| 8:22 | Create | Villager (Male) |
| 8:23 | Create | Villager (Male) |
| 8:23 | Create | Villager (Male) |
| 8:58 | Create | Villager (Male) |
| 8:58 | Create | Villager (Male) |
| 9:45 | Build | Lumber Camp |
| 9:51 | Create | Villager (Male) |
| 9:51 | Create | Villager (Male) |
| 9:51 | Create | Villager (Male) |
| 10:11 | Build | House |
| 10:12 | Build | House |
| 10:12 | Build | House |
| 10:13 | Build | House |
| 11:45 | Research | Feudal Age |
| 13:33 | Create | Villager (Male) |
| 13:34 | Create | Villager (Male) |
| 13:34 | Create | Villager (Male) |
| 13:34 | Create | Villager (Male) |
| 13:36 | Create | Villager (Male) |
| 13:36 | Create | Villager (Male) |
| 13:36 | Create | Villager (Male) |
| 13:37 | Create | Villager (Male) |
| 14:16 | Build | Barracks |
| 14:36 | Age | Feudal Age |
| 15:15 | Build | Stone Wall |
| 15:41 | Build | Mining Camp |
| 16:29 | Build | Market |
| 16:45 | Build | Mill |
| 17:14 | Build | Farm |
| 17:14 | Build | Farm |
| 17:15 | Build | Farm |
| 17:15 | Build | Farm |
| 17:16 | Build | Farm |
| 17:17 | Build | Farm |
| 17:27 | Build | Blacksmith |
| 17:33 | Research | Double-Bit Axe |
| 17:53 | Research | Wheelbarrow |
| 17:58 | Research | Horse Collar |
| 18:04 | Build | House |
| 18:05 | Build | House |
| 18:06 | Build | House |
| 18:51 | Build | Mining Camp |
| 19:13 | Research | Castle Age |
| 19:35 | Build | Barracks |
| 20:46 | Create | Villager (Male) |
| 20:47 | Create | Villager (Male) |
| 20:47 | Create | Villager (Male) |
| 20:47 | Create | Villager (Male) |
| 20:48 | Create | Villager (Male) |
| 20:48 | Create | Villager (Male) |
| 21:41 | Build | Gate |
| 21:53 | Age | Castle Age |
| 21:58 | Build | Town Center |
| 22:25 | Build | Town Center |
| 22:33 | Research | Stone Mining |
| 22:35 | Create | Villager (Male) |
| 22:35 | Create | Villager (Male) |
| 22:35 | Create | Villager (Male) |
| 22:36 | Create | Villager (Male) |
| 22:36 | Create | Villager (Male) |
| 22:36 | Create | Villager (Male) |
| 22:37 | Create | Villager (Male) |
| 22:37 | Create | Villager (Male) |
| 22:58 | Build | Farm |
| 22:59 | Build | Farm |
| 23:00 | Build | Farm |
| 23:01 | Build | Farm |
| 23:02 | Build | Farm |
| 23:03 | Build | Farm |
| 23:04 | Build | Farm |
| 23:04 | Build | Farm |
| 23:08 | Create | Villager (Male) |
| 23:09 | Create | Villager (Male) |
| 23:09 | Create | Villager (Male) |
| 23:09 | Create | Villager (Male) |
| 23:10 | Create | Villager (Male) |
| 23:10 | Create | Villager (Male) |
| 23:10 | Create | Villager (Male) |
| 23:20 | Create | Villager (Male) |
| 23:21 | Create | Villager (Male) |
| 23:21 | Create | Villager (Male) |
| 23:21 | Create | Villager (Male) |
| 23:22 | Create | Villager (Male) |
| 23:22 | Create | Villager (Male) |
| 23:33 | Build | House |
| 23:34 | Build | House |
| 23:35 | Build | House |
| 23:37 | Build | House |
| 23:39 | Build | House |
| 23:40 | Build | House |
| 23:42 | Build | House |
| 23:55 | Build | Outpost |
| 24:28 | Create | Villager (Male) |
| 24:28 | Create | Villager (Male) |
| 24:29 | Create | Villager (Male) |
| 24:32 | Create | Villager (Male) |
| 24:32 | Create | Villager (Male) |
| 24:50 | Build | Stable |
| 24:53 | Build | Stable |
| 24:55 | Build | Stable |
| 25:14 | Create | Villager (Male) |
| 25:14 | Create | Villager (Male) |
| 25:15 | Create | Villager (Male) |
| 25:15 | Create | Villager (Male) |
| 25:38 | Build | Town Center |
| 25:42 | Create | Villager (Male) |
| 25:42 | Create | Villager (Male) |
| 25:45 | Create | Villager (Male) |
| 25:46 | Create | Villager (Male) |
| 25:46 | Create | Villager (Male) |
| 25:58 | Build | Farm |
| 25:59 | Build | Farm |
| 26:00 | Build | Farm |
| 26:01 | Build | Farm |
| 26:02 | Build | Farm |
| 26:21 | Research | Stone Shaft Mining |
| 26:39 | Research | Town Watch |
| 26:40 | Research | Town Watch |
| 27:03 | Research | Bloodlines |
Build order — old boy
First 150 of 328 actions detected
| 0:03 | Create | Villager (Male) ×4 |
| 0:08 | Build | House |
| 0:13 | Build | House |
| 1:31 | Create | Villager (Male) |
| 1:31 | Create | Villager (Male) |
| 1:53 | Create | Villager (Male) |
| 2:17 | Create | Villager (Male) |
| 2:31 | Create | Villager (Male) |
| 3:38 | Create | Villager (Male) ×4 |
| 3:59 | Create | Villager (Male) |
| 3:59 | Create | Villager (Male) |
| 4:16 | Build | House |
| 4:25 | Create | Villager (Male) |
| 4:25 | Create | Villager (Male) |
| 5:13 | Research | Loom |
| 5:20 | Build | House |
| 6:14 | Create | Villager (Male) ×5 |
| 6:43 | Build | Mill |
| 7:38 | Build | Mill |
| 8:14 | Build | Lumber Camp |
| 8:47 | Build | House |
| 8:48 | Build | House |
| 8:54 | Create | Villager (Male) |
| 8:54 | Create | Villager (Male) |
| 8:54 | Create | Villager (Male) |
| 9:56 | Build | Mill |
| 10:05 | Create | Villager (Male) |
| 10:07 | Research | Feudal Age |
| 12:20 | Create | Villager (Male) ×5 |
| 12:31 | Build | Mining Camp |
| 12:54 | Age | Feudal Age |
| 13:39 | Research | Double-Bit Axe |
| 14:29 | Build | House |
| 14:31 | Build | House |
| 14:32 | Build | House |
| 14:35 | Build | House |
| 14:50 | Create | Villager (Male) |
| 15:08 | Build | Blacksmith |
| 15:23 | Build | Market |
| 15:30 | Create | Villager (Male) |
| 15:41 | Build | Mining Camp |
| 15:51 | Create | Villager (Male) |
| 16:09 | Research | Horse Collar |
| 16:15 | Research | Castle Age |
| 16:22 | Build | Mining Camp |
| 17:00 | Build | Farm |
| 17:01 | Build | Farm |
| 17:02 | Build | Farm |
| 17:03 | Build | Farm |
| 17:05 | Build | Farm |
| 17:06 | Build | Farm |
| 17:07 | Build | Farm |
| 17:14 | Research | Stone Mining |
| 17:26 | Create | Villager (Male) |
| 17:26 | Create | Villager (Male) |
| 18:02 | Create | Villager (Male) |
| 18:02 | Create | Villager (Male) |
| 18:03 | Create | Villager (Male) |
| 18:09 | Create | Villager (Male) |
| 18:34 | Build | Farm |
| 18:36 | Build | Farm |
| 19:00 | Age | Castle Age |
| 19:05 | Build | Town Center |
| 19:10 | Build | Town Center |
| 19:25 | Research | Heavy Plow |
| 19:27 | Research | Bow Saw |
| 19:42 | Build | Farm |
| 19:43 | Build | Farm |
| 19:45 | Build | Farm |
| 19:53 | Create | Villager (Male) |
| 19:53 | Create | Villager (Male) |
| 19:53 | Create | Villager (Male) |
| 20:15 | Create | Villager (Male) |
| 20:15 | Create | Villager (Male) |
| 20:22 | Create | Villager (Male) |
| 20:51 | Build | Town Center |
| 21:03 | Build | Farm |
| 21:04 | Build | Farm |
| 21:05 | Build | Farm |
| 21:08 | Create | Villager (Male) |
| 21:08 | Create | Villager (Male) |
| 21:12 | Create | Villager (Male) |
| 21:12 | Create | Villager (Male) |
| 21:22 | Create | Villager (Male) |
| 21:23 | Create | Villager (Male) |
| 21:23 | Create | Villager (Male) |
| 21:33 | Build | Farm |
| 21:34 | Build | Farm |
| 21:36 | Build | Farm |
| 21:37 | Build | Farm |
| 21:39 | Build | Farm |
| 21:59 | Research | Gold Mining |
| 22:11 | Create | Villager (Male) |
| 22:12 | Create | Villager (Male) |
| 22:16 | Create | Villager (Male) |
| 22:19 | Create | Villager (Male) |
| 22:20 | Create | Villager (Male) |
| 22:30 | Create | Villager (Male) |
| 22:40 | Create | Villager (Male) |
| 22:43 | Create | Villager (Male) |
| 22:45 | Create | Villager (Male) |
| 22:55 | Create | Villager (Male) |
| 22:55 | Create | Villager (Male) |
| 23:10 | Build | Farm |
| 23:11 | Build | Farm |
| 23:12 | Build | Farm |
| 23:16 | Build | Farm |
| 23:21 | Create | Villager (Male) |
| 23:25 | Create | Villager (Male) |
| 23:28 | Create | Villager (Male) |
| 23:32 | Create | Villager (Male) |
| 23:33 | Create | Villager (Male) |
| 23:40 | Create | Villager (Male) |
| 23:41 | Create | Villager (Male) |
| 23:48 | Create | Villager (Male) |
| 23:48 | Create | Villager (Male) |
| 23:53 | Create | Villager (Male) |
| 24:02 | Create | Villager (Male) |
| 24:22 | Build | Castle |
| 24:32 | Build | House |
| 24:33 | Build | House |
| 24:34 | Build | House |
| 24:35 | Build | House |
| 24:36 | Build | House |
| 24:38 | Build | House |
| 24:39 | Build | House |
| 24:42 | Research | Gold Shaft Mining |
| 24:46 | Create | Villager (Male) |
| 24:46 | Create | Villager (Male) |
| 24:49 | Create | Villager (Male) |
| 24:50 | Create | Villager (Male) |
| 24:54 | Create | Villager (Male) |
| 24:54 | Create | Villager (Male) |
| 24:57 | Create | Villager (Male) |
| 25:19 | Build | Farm |
| 25:21 | Build | Farm |
| 25:22 | Build | Farm |
| 25:24 | Build | Farm |
| 25:37 | Research | Wheelbarrow |
| 25:43 | Create | Villager (Male) |
| 25:51 | Build | Monastery |
| 25:55 | Create | Villager (Male) |
| 25:56 | Create | Villager (Male) |
| 25:59 | Create | Villager (Male) |
| 25:59 | Create | Villager (Male) |
| 26:03 | Create | Villager (Male) |
| 26:07 | Create | Villager (Male) |
| 26:08 | Create | Villager (Male) |
| 26:25 | Build | Market |
| 26:33 | Create | Monk |
Build order — duchiep11992
First 150 of 389 actions detected
| 0:06 | Build | House |
| 0:08 | Create | Villager (Male) |
| 0:08 | Create | Villager (Male) |
| 0:10 | Build | House |
| 0:11 | Create | Villager (Male) |
| 0:12 | Create | Villager (Male) |
| 0:12 | Create | Villager (Male) |
| 1:33 | Create | Villager (Male) |
| 1:34 | Create | Villager (Male) |
| 2:17 | Create | Villager (Male) |
| 2:17 | Create | Villager (Male) |
| 2:49 | Research | Loom |
| 2:50 | Research | Loom |
| 3:35 | Create | Villager (Male) |
| 3:36 | Create | Villager (Male) |
| 3:36 | Create | Villager (Male) |
| 3:36 | Create | Villager (Male) |
| 3:55 | Create | Villager (Male) |
| 3:55 | Create | Villager (Male) |
| 4:11 | Build | Palisade Wall |
| 4:31 | Create | Villager (Male) |
| 6:10 | Build | Palisade Gate |
| 6:23 | Build | House |
| 8:08 | Build | Mill |
| 8:28 | Create | Villager (Male) |
| 8:28 | Create | Villager (Male) |
| 8:36 | Create | Villager (Male) |
| 8:36 | Create | Villager (Male) |
| 10:00 | Create | Villager (Male) |
| 10:01 | Create | Villager (Male) |
| 10:01 | Create | Villager (Male) |
| 10:37 | Create | Villager (Male) |
| 10:37 | Create | Villager (Male) |
| 10:54 | Build | Mill |
| 11:15 | Create | Villager (Male) |
| 11:15 | Create | Villager (Male) |
| 11:15 | Create | Villager (Male) |
| 11:44 | Build | Lumber Camp |
| 13:10 | Research | Feudal Age |
| 14:00 | Build | Mining Camp |
| 15:11 | Create | Villager (Male) |
| 15:11 | Create | Villager (Male) |
| 15:12 | Create | Villager (Male) |
| 15:12 | Create | Villager (Male) |
| 15:18 | Build | House |
| 15:20 | Age | Feudal Age |
| 15:28 | Research | Wheelbarrow |
| 16:07 | Create | Villager (Male) |
| 16:07 | Create | Villager (Male) |
| 16:07 | Create | Villager (Male) |
| 16:10 | Create | Villager (Male) |
| 16:37 | Build | Lumber Camp |
| 16:41 | Create | Villager (Male) |
| 16:41 | Create | Villager (Male) |
| 16:41 | Create | Villager (Male) |
| 17:32 | Create | Villager (Male) |
| 17:33 | Create | Villager (Male) |
| 18:01 | Build | House |
| 18:32 | Build | Blacksmith |
| 18:52 | Research | Double-Bit Axe |
| 18:52 | Research | Double-Bit Axe |
| 19:46 | Build | Town Center |
| 20:01 | Build | House |
| 20:04 | Create | Villager (Male) |
| 20:04 | Create | Villager (Male) |
| 20:21 | Build | House |
| 20:41 | Create | Villager (Male) |
| 20:41 | Create | Villager (Male) |
| 20:54 | Build | Market |
| 20:59 | Create | Villager (Male) |
| 20:59 | Create | Villager (Male) |
| 21:00 | Create | Villager (Male) |
| 21:07 | Create | Villager (Male) |
| 21:08 | Create | Villager (Male) |
| 21:24 | Build | Farm |
| 21:25 | Build | Farm |
| 21:27 | Build | Farm |
| 21:28 | Build | Farm |
| 21:30 | Build | Farm |
| 21:31 | Build | Farm |
| 21:32 | Build | Farm |
| 21:39 | Build | Farm |
| 22:14 | Build | Farm |
| 22:22 | Build | Farm |
| 23:10 | Build | House |
| 23:17 | Build | House |
| 23:24 | Build | Lumber Camp |
| 23:59 | Create | Villager (Male) |
| 23:59 | Create | Villager (Male) |
| 24:03 | Create | Villager (Male) |
| 24:11 | Build | Farm |
| 24:12 | Build | Farm |
| 24:13 | Build | Farm |
| 24:22 | Build | Farm |
| 24:24 | Build | Farm |
| 24:28 | Build | Farm |
| 24:31 | Build | Farm |
| 24:37 | Build | Farm |
| 25:07 | Research | Castle Age |
| 25:07 | Research | Castle Age |
| 25:23 | Build | Farm |
| 25:24 | Build | Farm |
| 25:26 | Research | Horse Collar |
| 25:44 | Build | Mining Camp |
| 25:51 | Research | Stone Mining |
| 26:32 | Build | Barracks |
| 26:43 | Research | Fletching |
| 27:12 | Build | House |
| 27:19 | Research | Gold Mining |
| 27:26 | Build | Archery Range |
| 27:28 | Build | Archery Range |
| 27:47 | Age | Castle Age |
| 27:49 | Create | Villager (Male) |
| 27:49 | Create | Villager (Male) |
| 27:49 | Create | Villager (Male) |
| 27:50 | Create | Villager (Male) |
| 27:50 | Create | Villager (Male) |
| 27:50 | Create | Villager (Male) |
| 28:05 | Build | Town Center |
| 28:08 | Create | Villager (Male) |
| 28:08 | Create | Villager (Male) |
| 28:10 | Create | Villager (Male) |
| 28:10 | Create | Villager (Male) |
| 28:32 | Build | Town Center |
| 28:43 | Create | Cavalry Archer |
| 28:43 | Create | Cavalry Archer |
| 28:43 | Create | Cavalry Archer |
| 28:59 | Build | Monastery |
| 29:02 | Create | Cavalry Archer |
| 29:03 | Create | Cavalry Archer |
| 29:03 | Create | Cavalry Archer |
| 29:12 | Create | Villager (Male) |
| 29:13 | Create | Villager (Male) |
| 29:13 | Create | Villager (Male) |
| 29:16 | Build | House |
| 29:17 | Build | House |
| 29:18 | Build | House |
| 29:19 | Build | House |
| 29:26 | Create | Villager (Male) |
| 29:32 | Create | Villager (Male) |
| 29:33 | Create | Villager (Male) |
| 29:33 | Create | Villager (Male) |
| 29:33 | Create | Villager (Male) |
| 29:41 | Build | Farm |
| 29:42 | Build | Farm |
| 29:44 | Build | Farm |
| 29:45 | Build | Farm |
| 29:46 | Build | Farm |
| 29:53 | Research | Bow Saw |
| 29:53 | Research | Bow Saw |
Build order — charmandy93tag
First 150 of 907 actions detected
| 0:01 | Create | Villager (Male) |
| 0:02 | Create | Villager (Male) |
| 0:02 | Create | Villager (Male) |
| 0:02 | Create | Villager (Male) |
| 0:05 | Build | House |
| 0:09 | Build | House |
| 1:30 | Create | Villager (Male) |
| 2:04 | Build | Lumber Camp |
| 2:06 | Create | Villager (Male) |
| 2:32 | Create | Villager (Male) |
| 2:35 | Research | Loom |
| 2:52 | Build | Palisade Wall |
| 2:59 | Create | Villager (Male) |
| 3:10 | Create | Villager (Male) |
| 3:24 | Build | Palisade Gate |
| 3:46 | Create | Villager (Male) |
| 4:19 | Create | Villager (Male) |
| 4:30 | Build | House |
| 4:57 | Create | Villager (Male) |
| 5:09 | Build | House |
| 5:13 | Build | House |
| 5:34 | Create | Villager (Male) |
| 5:35 | Create | Villager (Male) |
| 6:28 | Build | House |
| 6:31 | Build | House |
| 6:38 | Build | Palisade Gate |
| 6:51 | Create | Villager (Male) |
| 7:16 | Create | Villager (Male) |
| 7:18 | Create | Villager (Male) |
| 7:18 | Create | Villager (Male) |
| 8:00 | Create | Villager (Male) |
| 8:00 | Create | Villager (Male) |
| 8:16 | Build | Mill |
| 8:25 | Create | Villager (Male) |
| 8:43 | Create | Villager (Male) |
| 9:09 | Build | Mining Camp |
| 9:47 | Create | Villager (Male) |
| 9:49 | Create | Villager (Male) |
| 10:38 | Research | Feudal Age |
| 10:47 | Build | Farm |
| 10:47 | Build | Farm |
| 10:47 | Build | Farm |
| 10:48 | Build | Farm |
| 10:48 | Build | Farm |
| 10:48 | Build | Farm |
| 10:49 | Build | Farm |
| 11:20 | Create | Villager (Male) |
| 11:21 | Create | Villager (Male) |
| 12:55 | Build | Market |
| 13:08 | Build | Blacksmith |
| 13:18 | Create | Villager (Male) |
| 13:51 | Build | Farm |
| 13:51 | Build | Farm |
| 14:00 | Build | Farm |
| 14:04 | Create | Villager (Male) |
| 14:36 | Research | Castle Age |
| 14:46 | Build | Mining Camp |
| 15:11 | Research | Double-Bit Axe |
| 15:17 | Research | Horse Collar |
| 16:26 | Build | Farm |
| 16:26 | Build | Farm |
| 16:26 | Build | Farm |
| 16:27 | Build | Farm |
| 16:36 | Create | Villager (Male) |
| 16:37 | Create | Villager (Male) |
| 16:37 | Create | Villager (Male) |
| 17:52 | Build | Town Center |
| 17:55 | Create | Villager (Male) |
| 18:09 | Research | Bow Saw |
| 18:32 | Build | House |
| 18:36 | Build | House |
| 18:42 | Build | House |
| 18:48 | Create | Villager (Male) |
| 18:48 | Create | Villager (Male) |
| 19:01 | Create | Villager (Male) |
| 19:02 | Create | Villager (Male) |
| 19:02 | Create | Villager (Male) |
| 19:03 | Create | Villager (Male) |
| 19:24 | Build | Monastery |
| 19:34 | Create | Villager (Male) |
| 19:35 | Create | Villager (Male) |
| 20:04 | Research | Wheelbarrow |
| 20:05 | Create | Villager (Male) |
| 20:10 | Research | Heavy Plow |
| 20:19 | Create | Monk |
| 20:22 | Research | Fervor |
| 20:38 | Create | Villager (Male) |
| 20:40 | Create | Villager (Male) |
| 20:40 | Create | Villager (Male) |
| 20:41 | Create | Villager (Male) |
| 20:49 | Build | House |
| 20:51 | Build | House |
| 20:52 | Build | House |
| 20:52 | Build | House |
| 20:54 | Build | House |
| 20:55 | Build | House |
| 20:55 | Build | House |
| 20:56 | Build | House |
| 20:56 | Build | House |
| 20:56 | Build | House |
| 20:57 | Build | House |
| 20:57 | Build | House |
| 20:58 | Build | House |
| 21:01 | Create | Villager (Male) |
| 21:03 | Create | Villager (Male) |
| 21:03 | Create | Villager (Male) |
| 21:07 | Build | Farm |
| 21:21 | Build | Farm |
| 21:21 | Build | Farm |
| 21:21 | Build | Farm |
| 21:21 | Build | Farm |
| 21:21 | Build | Farm |
| 21:21 | Build | Farm |
| 21:21 | Build | Farm |
| 21:21 | Build | Farm |
| 21:21 | Build | Farm |
| 21:21 | Build | Farm |
| 21:21 | Build | Farm |
| 21:21 | Build | Farm |
| 21:52 | Build | Farm |
| 21:59 | Create | Trade Cart |
| 22:02 | Create | Trade Cart |
| 22:10 | Create | Villager (Male) |
| 22:11 | Create | Villager (Male) |
| 22:42 | Build | Farm |
| 22:48 | Build | Castle |
| 22:56 | Create | Villager (Male) |
| 22:56 | Create | Villager (Male) |
| 23:04 | Create | Villager (Male) |
| 23:06 | Create | Villager (Male) |
| 23:12 | Build | Farm |
| 23:19 | Create | Villager (Male) |
| 23:19 | Create | Villager (Male) |
| 23:20 | Build | Farm |
| 23:20 | Build | Farm |
| 23:20 | Build | Farm |
| 23:20 | Build | Farm |
| 23:20 | Build | Farm |
| 23:20 | Build | Farm |
| 23:20 | Build | Farm |
| 23:20 | Build | Farm |
| 23:20 | Build | Farm |
| 23:20 | Build | Farm |
| 23:20 | Build | Farm |
| 23:20 | Build | Farm |
| 23:37 | Build | Farm |
| 23:59 | Build | Gate |
| 24:02 | Build | Farm |
| 24:04 | Create | Villager (Male) |
| 24:06 | Create | Villager (Male) |
Build order — 种田大叔
First 150 of 512 actions detected
| 0:03 | Create | Villager (Male) ×4 |
| 0:03 | Create | Villager (Male) ×4 |
| 0:07 | Build | House |
| 0:09 | Build | House |
| 1:37 | Create | Villager (Male) |
| 2:01 | Create | Villager (Male) |
| 2:02 | Create | Villager (Male) |
| 2:19 | Build | Lumber Camp |
| 2:29 | Create | Villager (Male) |
| 2:30 | Create | Villager (Male) |
| 2:57 | Create | Villager (Male) |
| 2:57 | Create | Villager (Male) |
| 2:57 | Create | Villager (Male) |
| 3:39 | Create | Villager (Male) |
| 3:40 | Create | Villager (Male) |
| 3:40 | Create | Villager (Male) |
| 4:03 | Create | Villager (Male) |
| 4:03 | Create | Villager (Male) |
| 4:04 | Create | Villager (Male) |
| 4:15 | Research | Loom |
| 4:15 | Create | Villager (Male) |
| 4:18 | Build | House |
| 5:07 | Create | Villager (Male) |
| 5:07 | Create | Villager (Male) |
| 5:24 | Build | House |
| 5:39 | Build | Mill |
| 5:50 | Create | Villager (Male) |
| 5:50 | Create | Villager (Male) |
| 5:51 | Create | Villager (Male) |
| 5:51 | Create | Villager (Male) |
| 6:15 | Create | Villager (Male) |
| 6:16 | Create | Villager (Male) |
| 6:52 | Build | House |
| 7:32 | Build | House |
| 7:56 | Create | Villager (Male) |
| 7:56 | Create | Villager (Male) |
| 8:45 | Create | Villager (Male) |
| 8:45 | Create | Villager (Male) |
| 9:16 | Create | Villager (Male) |
| 9:23 | Build | Mining Camp |
| 9:48 | Create | Villager (Male) |
| 9:48 | Create | Villager (Male) |
| 9:57 | Research | Feudal Age |
| 10:23 | Build | Lumber Camp |
| 10:38 | Build | Lumber Camp |
| 12:32 | Create | Villager (Male) |
| 12:32 | Create | Villager (Male) |
| 13:03 | Age | Feudal Age |
| 13:08 | Build | Market |
| 13:15 | Build | Blacksmith |
| 13:38 | Build | Farm |
| 13:42 | Build | Farm |
| 13:51 | Build | Farm |
| 13:58 | Research | Castle Age |
| 13:58 | Create | Villager (Male) |
| 13:59 | Create | Villager (Male) |
| 14:08 | Build | Farm |
| 14:14 | Build | Farm |
| 14:20 | Build | Farm |
| 14:26 | Build | Farm |
| 14:35 | Build | Farm |
| 14:45 | Build | Farm |
| 14:51 | Build | Farm |
| 14:58 | Build | Farm |
| 15:09 | Build | Farm |
| 15:31 | Build | House |
| 15:41 | Build | Farm |
| 15:44 | Build | Farm |
| 15:48 | Build | House |
| 15:49 | Build | House |
| 15:50 | Build | House |
| 16:38 | Age | Castle Age |
| 16:44 | Build | Town Center |
| 17:10 | Build | Town Center |
| 17:25 | Create | Villager (Male) |
| 17:26 | Create | Villager (Male) |
| 17:37 | Build | House |
| 18:08 | Create | Villager (Male) |
| 18:08 | Create | Villager (Male) |
| 18:09 | Create | Villager (Male) |
| 18:12 | Build | House |
| 18:20 | Research | Double-Bit Axe |
| 18:24 | Create | Villager (Male) |
| 18:24 | Create | Villager (Male) |
| 18:42 | Build | Monastery |
| 18:52 | Build | House |
| 18:52 | Build | House |
| 18:53 | Build | House |
| 19:00 | Build | Farm |
| 19:10 | Build | Mining Camp |
| 19:16 | Create | Villager (Male) |
| 19:17 | Create | Villager (Male) |
| 19:17 | Create | Villager (Male) |
| 19:18 | Create | Villager (Male) |
| 19:18 | Create | Villager (Male) |
| 19:33 | Build | Farm |
| 19:41 | Build | Farm |
| 19:48 | Build | Farm |
| 19:52 | Build | Farm |
| 19:58 | Build | Farm |
| 20:00 | Create | Villager (Male) |
| 20:00 | Create | Villager (Male) |
| 20:00 | Create | Villager (Male) |
| 20:00 | Create | Villager (Male) |
| 20:01 | Create | Villager (Male) |
| 20:01 | Create | Villager (Male) |
| 20:09 | Build | Farm |
| 20:12 | Build | Farm |
| 20:20 | Build | Farm |
| 20:33 | Build | House |
| 20:36 | Build | House |
| 20:38 | Build | House |
| 20:45 | Create | Villager (Male) |
| 20:46 | Create | Villager (Male) |
| 20:46 | Create | Villager (Male) |
| 20:46 | Create | Villager (Male) |
| 20:46 | Create | Villager (Male) |
| 20:47 | Create | Villager (Male) |
| 20:57 | Build | Farm |
| 21:15 | Build | Farm |
| 21:19 | Create | Villager (Male) |
| 21:19 | Create | Villager (Male) |
| 21:23 | Create | Monk |
| 21:37 | Build | Town Center |
| 21:43 | Create | Villager (Male) |
| 21:43 | Create | Villager (Male) |
| 21:44 | Create | Villager (Male) |
| 22:09 | Create | Villager (Male) |
| 22:09 | Create | Villager (Male) |
| 22:09 | Create | Villager (Male) |
| 22:11 | Create | Villager (Male) |
| 22:13 | Build | House |
| 22:15 | Build | House |
| 22:29 | Build | Barracks |
| 22:37 | Build | Farm |
| 22:48 | Create | Villager (Male) |
| 22:48 | Create | Villager (Male) |
| 22:48 | Create | Villager (Male) |
| 22:49 | Create | Villager (Male) |
| 22:54 | Build | Farm |
| 23:01 | Build | Farm |
| 23:07 | Build | Farm |
| 23:18 | Create | Villager (Male) |
| 23:18 | Create | Villager (Male) |
| 23:19 | Create | Villager (Male) |
| 23:19 | Create | Villager (Male) |
| 23:26 | Build | Stable |
| 23:35 | Build | House |
| 23:36 | Build | House |
| 23:42 | Build | Farm |
Match timeline
| 1:12 | KingYankee1 · wall_segment Palisade Wall x11 |
| 1:16 | Zedarr · wall_segment Palisade Wall x9 |
| 1:58 | Zedarr · wall_segment Palisade Wall x12 |
| 2:52 | charmandy93tag · wall_segment Palisade Wall x14 |
| 4:11 | duchiep11992 · wall_segment Palisade Wall x14 |
| 12:54 | old boy · age_up feudal |
| 13:03 | 种田大叔 · age_up feudal |
| 14:16 | Zedarr · first_building Barracks |
| 14:23 | KingYankee1 · age_up feudal |
| 14:36 | Zedarr · age_up feudal |
| 15:05 | KingYankee1 · wall_segment Stone Wall x10 |
| 15:15 | Zedarr · wall_segment Stone Wall x19 |
| 15:20 | duchiep11992 · age_up feudal |
| 16:38 | 种田大叔 · age_up castle |
| 18:42 | 种田大叔 · first_building Monastery |
| 19:00 | old boy · age_up castle |
| 19:24 | charmandy93tag · first_building Monastery |
| 19:45 | KingYankee1 · age_up castle |
| 19:54 | KingYankee1 · first_building Siege Workshop |
| 20:07 | KingYankee1 · first_market_buy 100 food |
| 20:10 | old boy · first_market_sell 100 wood |
| 20:11 | old boy · first_market_buy 100 food |
| 21:53 | Zedarr · age_up castle |
| 22:15 | KingYankee1 · first_building Monastery |
| 22:19 | Zedarr · first_market_buy 100 stone |
| 22:29 | 种田大叔 · first_building Barracks |
| 22:48 | charmandy93tag · first_building Castle |
| 23:26 | 种田大叔 · first_building Stable |
| 24:22 | old boy · first_building Castle |
| 24:47 | duchiep11992 · first_market_buy 100 food |
| 24:48 | KingYankee1 · first_market_sell 100 wood |
| 24:50 | Zedarr · first_building Stable |
| 25:51 | old boy · first_building Monastery |
| 26:32 | duchiep11992 · first_building Barracks |
| 27:26 | duchiep11992 · first_building Archery Range |
| 27:47 | duchiep11992 · age_up castle |
| 27:47 | charmandy93tag · first_building Siege Workshop |
| 27:51 | charmandy93tag · first_building Barracks |
| 28:31 | Zedarr · first_building Archery Range |
| 28:49 | 种田大叔 · first_building Castle |
| 28:59 | duchiep11992 · first_building Monastery |
| 29:08 | Zedarr · first_building Castle |
| 29:32 | old boy · wall_segment Stone Wall x7 |
| 29:57 | KingYankee1 · first_building Castle |
| 30:40 | old boy · wall_segment Stone Wall x9 |
| 30:58 | old boy · first_building Barracks |
| 31:05 | 种田大叔 · first_building Siege Workshop |
| 31:17 | duchiep11992 · first_building Siege Workshop |
| 31:47 | old boy · first_building Archery Range |
| 31:58 | 种田大叔 · age_up imperial |
| 32:03 | charmandy93tag · wall_segment Stone Wall x6 |
| 32:40 | old boy · age_up imperial |
| 33:25 | charmandy93tag · wall_segment Stone Wall x10 |
| 35:16 | KingYankee1 · first_building Barracks |
| 36:24 | KingYankee1 · age_up imperial |
| 38:54 | duchiep11992 · first_market_sell 500 wood |
| 41:28 | old boy · first_building Stable |
| 43:22 | Zedarr · age_up imperial |
| 44:21 | charmandy93tag · first_building Archery Range |
| 44:40 | duchiep11992 · age_up imperial |
| 47:24 | charmandy93tag · first_building Stable |
| 48:51 | Zedarr · first_market_sell 100 wood |
| 48:52 | 种田大叔 · first_building Archery Range |
| 50:48 | 种田大叔 · resign |
[ AI ANALYSIS · 1 CREDIT ]
What really happened in this match?
Wolo.gg analyzes every decision: build order, eco, micro, common mistakes by bracket. Personalized analysis on WhatsApp or Discord in 30 seconds.
Civ guide
Berbers
Map guide
Black Forest
Perfil
Jugador #1166049